 Dungeon Crawl Stone Soup version 0.20-a0-555-gf6ae02d (webtiles) character file.

88 HereIgoKillingAgain the Chopper (level 4, -4/39 HPs)
             Began as a Hill Orc Fighter on Feb 4, 2017.
             Slain by HereIgoKillingAgain's ghost (7 damage)
             ... on level 3 of the Dungeon.
             The game lasted 00:01:38 (1754 turns).

HereIgoKillingAgain the Chopper (Hill Orc Fighter)  Turns: 1754, Time: 00:01:38

Health: -4/39      AC:  6    Str: 24    XL:     4   Next: 54%
Magic:  4/4        EV:  7    Int:  8    God:
Gold:   79         SH:  9    Dex: 10    Spells: 3/3 levels left

rFire    . . .     SeeInvis .   a - +0 war axe
rCold    . . .     Gourm    +   b - +0 scale mail
rNeg     . . .     Faith    .   c - +0 shield
rPois    .         Spirit   .   (no helmet)
rElec    .         Reflect  .   (no cloak)
rCorr    .         Harm     .   (no gloves)
MR       .....                  (no boots)
Stlth    ..........             g - amulet of the gourmand
Regen    0.2/turn               (no ring)
                                p - ring of wizardry

@: mighty
A: no striking features
a: no special abilities


You were on level 3 of the Dungeon.
You were very full.

You visited 1 branch of the dungeon, and saw 3 of its levels.

You collected 79 gold pieces.

Inventory:

Hand Weapons
 a - a +0 war axe (weapon)
Armour
 b - a +0 scale mail (worn)
 c - a +0 shield (worn)
Jewellery
 g - an amulet of the gourmand (around neck)
 p - a ring of wizardry (left hand)
 z - an uncursed amulet of regeneration {unknown}
Wands
 y - a wand of iceblast (4/15)
Scrolls
 e - 2 scrolls of remove curse {unknown}
 i - a scroll of blinking {unknown}
 j - a scroll of amnesia {unknown}
 m - 3 scrolls of teleportation {unknown}
 n - a scroll of noise {unknown}
 q - 6 scrolls of identify {unknown}
 u - a scroll of enchant armour {unknown}
 w - a scroll of fog {unknown}
Potions
 d - 2 potions of might
 k - a potion of cancellation {unknown}
 l - a potion of cure mutation {unknown}
 o - 2 potions of agility {unknown}
 r - a potion of degeneration {unknown}
 t - a potion of curing {unknown}
 v - 2 potions of brilliance {unknown}
 x - a potion of ambrosia {unknown}
 A - a potion of magic {unknown}
Comestibles
 f - 2 bread rations
 h - 13 fruits
 s - a meat ration


   Skills:
 - Level 3.6 Fighting
 + Level 6.1 Axes
 - Level 3.2 Armour
 - Level 3.2 Shields


You had 3 spell levels left.
You didn't know any spells.

Dungeon Overview and Level Annotations

Branches:
Dungeon (3/15)

Altars:

Annotations:
D:3 HereIgoKillingAgain's ghost, weakling HOFi


Message History

HereIgoKillingAgain's ghost closely misses you.
HereIgoKillingAgain's ghost is nearby!
You slash HereIgoKillingAgain's ghost!
HereIgoKillingAgain's ghost is heavily damaged.
You block HereIgoKillingAgain's ghost's attack.
Unknown command.
You barely miss HereIgoKillingAgain's ghost.
HereIgoKillingAgain's ghost is heavily damaged.
HereIgoKillingAgain's ghost hits you!
You feel very mighty all of a sudden.
You block HereIgoKillingAgain's ghost's attack.
You are too injured to fight recklessly!
You are too injured to fight recklessly!
You are too injured to fight recklessly!
You hit HereIgoKillingAgain's ghost but do no damage.
HereIgoKillingAgain's ghost is heavily damaged.
HereIgoKillingAgain's ghost hits you!
* * * LOW HITPOINT WARNING * * *
HereIgoKillingAgain's ghost hits you!
You die...

#...... #..... ##....#
.....# ## ####....# .<#
......##...#.
####.#########..#.......
.....##...<.....@W......
...........[...##.......
#######.######.# ##...#.
#.# ../. ######.. #.#
#.. ........ #.# .
######.. #.# # #.# # #.#


You could see HereIgoKillingAgain's ghost.

Vanquished Creatures
  5 adders
  A worm (D:2)
  A dart slug (D:1)
  A leopard gecko (D:2)
  An orc (D:3)
  2 ball pythons
  A giant cockroach (D:2)
  3 goblins
  6 hobgoblins
  A quokka (D:2)
  6 bats
  6 frilled lizards
  7 rats
41 creatures vanquished.

Notes
Turn   | Place    | Note
-------+----------+-------------------------------------------
     0 | D:1      | HereIgoKillingAgain the Hill Orc Fighter began the quest for the Orb.
     0 | D:1      | Reached XP level 1. HP: 19/19 MP: 1/1
   237 | D:1      | Reached skill level 3 in Axes
   264 | D:1      | Reached XP level 2. HP: 22/26 MP: 2/2
   520 | D:1      | Reached skill level 4 in Axes
   996 | D:2      | Reached XP level 3. HP: 26/31 MP: 3/3
  1113 | D:2      | Reached skill level 5 in Axes
  1249 | D:2      | Reached XP level 4. HP: 34/39 MP: 4/4
  1660 | D:3      | Reached skill level 6 in Axes
  1746 | D:3      | Noticed HereIgoKillingAgain's ghost (weakling HOFi)
  1754 | D:3      | Slain by HereIgoKillingAgain's ghost

Vault maps used:
D:1:      wheals_arrival_linesprint, serial_curves, eino_curves_02,
          eino_curves_02

Skill      XL: |  1  2  3  4 |
---------------+-------------+-----
Axes           | 3 4 5 6 |  6.1
Fighting       | |  3.6
Armour         | |  3.2
Shields        | |  3.2

Action                   |  1- 3 |  4- 6 || total
-------------------------+-------+-------++-------
Melee: War axe           |    94 |    44 ||   138
  Use: Potion            |       |     1 ||     1
  Eat: Chunk             |     1 |     9 ||    10
Armor: Scale mail        |    42 |    15 ||    57
Dodge: Dodged            |    26 |    14 ||    40
Block: Shield            |    49 |    20 ||    69
